 Dungeon Crawl Stone Soup version 0.19.5 (webtiles) character file.

23 tidbits the Magician (level 2, 0/19 HPs)
             Began as a High Elf Wanderer on Oct 28, 2017.
             Slain by a hobgoblin
             ... wielding a +0 club
              (5 damage)
             ... on level 3 of the Dungeon.
             The game lasted 00:07:10 (703 turns).

tidbits the Magician (High Elf Wanderer)             Turns: 703, Time: 00:07:11

Health: 0/19       AC:  2    Str: 11    XL:     2   Next: 75%
Magic:  6/6        EV: 12    Int: 16    God:
Gold:   34         SH:  0    Dex: 13    Spells: 1 memorised, 4 levels left

rFire  . . .     SeeInvis .     a - +1 dagger
rCold  . . .     Gourm    .     d - +0 robe
rNeg   . . .     Faith    .     (no shield)
rPois  .         Spirit   .     (no helmet)
rElec  .         Reflect  .     (no cloak)
rCorr  .         Harm     .     (no gloves)
MR     .....                    (no boots)
Stlth  +.........               (no amulet)
                                (no ring)
                                (no ring)

@: confused
A: no striking features
a: no special abilities


You were on level 3 of the Dungeon.
You were not hungry.

You visited 1 branch of the dungeon, and saw 3 of its levels.

You collected 34 gold pieces.

Inventory:

Hand Weapons
 a - a +1 dagger (weapon)
 h - a +0 short sword
   (You took it off a kobold on level 1 of the Dungeon)
 j - a +0 morningstar
   (You found it on level 2 of the Dungeon)
Missiles
 m - 28 arrows
Armour
 d - a +0 robe (worn)
Scrolls
 k - a scroll of remove curse {unknown}
 o - a scroll of magic mapping {unknown}
Potions
 i - a potion of flight
 n - a potion of agility {unknown}
Books
 c - the Volume of Changing

   Spells                             Type                      Level
   a - Beastly Appendage              Transmutation                1
   b - Ignite Poison                  Fire/Transmutation/Poison    3
 e - a book of Minor Magic

   Spells                             Type                      Level
   a - Magic Dart                     Conjuration                  1
   b - Blink                          Translocation                2
   c - Call Imp                       Summoning                    2
   d - Repel Missiles                 Charms/Air                   2
   e - Slow                           Hexes                        2
   f - Conjure Flame                  Conjuration/Fire             3
   g - Mephitic Cloud                 Conjuration/Poison/Air       3
Comestibles
 b - a beef jerky
 f - a bread ration
 g - a royal jelly


   Skills:
 * Level 1.8 Fighting
   Level 1.5 Polearms
 + Level 1.5 Dodging
 - Level 2.1 Stealth
 - Level 2.4 Spellcasting
   Level 1.1 Translocations
 - Level 2.1 Transmutations
   Level 1.0 Evocations


You had 4 spell levels left.
You knew the following spells:

 Your Spells              Type           Power        Failure   Level  Hunger
e - Beastly Appendage     Tmut           #.....       10%         1    #......


Dungeon Overview and Level Annotations

Branches:
Dungeon (3/15)

Altars:


Message History

The leopard gecko is severely wounded.
The leopard gecko bites you but does no damage.
You closely miss the leopard gecko.
The leopard gecko is severely wounded.
The leopard gecko misses you.
You hit the leopard gecko.
The leopard gecko is almost dead.
The leopard gecko closely misses you. x2
You hit the leopard gecko.
You kill the leopard gecko!
Found a dagger.
Found a scroll labeled CEUFIBLEMU.
Found 9 gold pieces.
Found a potion of flight.
You see here 9 gold pieces.
You now have 20 gold pieces (gained 9).
You see here a potion of flight.
i - a potion of flight You see here a scroll labeled CEUFIBLEMU.
k - a scroll labeled CEUFIBLEMU
There is a stone staircase leading down here.
You climb downwards.
There is a stone staircase leading up here.
Found a stone staircase leading up.
There is a stone staircase leading up here.
You climb upwards.
There is a stone staircase leading down here.
You climb downwards.
There is a stone staircase leading up here.
A frilled lizard is nearby!
Found a smoky white potion.
You see here a smoky white potion.
There are no items here.
You see here a smoky white potion.
l - a smoky white potion
Found a stone staircase leading up.
Unknown command.
Found 28 arrows.
Found a stone staircase leading down.
Found 14 gold pieces and a ruby potion.
You see here 28 arrows.
m - 28 arrows You see here 14 gold pieces.
You now have 34 gold pieces (gained 14).
You see here a ruby potion.
n - a ruby potion
There is a stone staircase leading down here.
You climb downwards.
There is a stone staircase leading up here.
There is a stone staircase leading up here.
A quokka comes into view.
Found a scroll labeled NEFALATEUJ.
Casting: Beastly Appendage
Confirm with . or Enter, or press ? or * to list all spells.
You grow a pair of large bovine horns.
You hit the quokka.
The quokka is heavily wounded.
Your transformation is almost over.
The quokka misses you.
You hit the quokka but do no damage.
The quokka is heavily wounded.
The quokka bites you.
You closely miss the quokka.
The quokka is heavily wounded.
The quokka bites you.
You barely miss the quokka.
You headbutt the quokka, but do no damage.
The quokka is heavily wounded.
The quokka misses you. The quokka bites you.
* * * LOW HITPOINT WARNING * * *
You hit the quokka.
The quokka is almost dead.
The quokka closely misses you.
You hit the quokka but do no damage.
The quokka is almost dead.
The quokka barely misses you.
You hit the quokka.
You kill the quokka!
You see here a quokka corpse.
You see here a scroll labeled NEFALATEUJ.
o - a scroll labeled NEFALATEUJ Your horns disappear.
Wield which item (- for none, * to show all)? (? for menu, Esc to quit)
Okay, then.
You see here a quokka corpse.
A dart slug comes into view.
A hobgoblin comes into view. It is wielding a club.
The helpless dart slug fails to defend itself.
You puncture the dart slug!
The dart slug is severely wounded.
The hobgoblin shouts!
You hear a shout!
The hobgoblin hits you with a club!
* * * LOW HITPOINT WARNING * * *
The dart slug launches a dart at you. The slug dart hits you!
* * * LOW HITPOINT WARNING * * *
It was a potion of ambrosia.
You are confused.
You feel invigorated. The hobgoblin hits you with a club.
You die...

#.# #.#
#.# #.#
#.#
#.#####..
#w.......
#g#.###.#
#@# # #.#
##.# #..#
#.## #.#
#.# ##
#.##..
#.##.#


You could see a dart slug and a hobgoblin.

Vanquished Creatures
  An adder (D:2)
  A leopard gecko (D:1)
  A bat (D:1)
  A giant cockroach (D:1)
  3 hobgoblins
  A quokka (D:3)
  A kobold (D:1)
  4 rats (D:1)
13 creatures vanquished.

Notes
Turn   | Place    | Note
-------+----------+-------------------------------------------
     0 | D:1      | tidbits the High Elf Wanderer began the quest for the Orb.
     0 | D:1      | tidbits set off with: a book of Minor Magic, a potion of curing, the Volume of Changing, a +0 robe, a +0 dagger, a bread ration
     0 | D:1      | Reached XP level 1. HP: 11/11 MP: 4/4
     0 | D:1      | Identified the Volume of Changing
    25 | D:1      | Learned a level 1 spell: Beastly Appendage
   233 | D:1      | Reached skill level 1 in Dodging
   306 | D:2      | Reached skill level 1 in Fighting
   334 | D:2      | Reached XP level 2. HP: 10/18 MP: 4/6
   387 | D:1      | HP: 1/19 [poisoned by an adder]
   701 | D:3      | HP: 1/19 [dart slug/slug dart (2)]
   703 | D:3      | Slain by a hobgoblin

Skill      XL: |  1 |
---------------+----+-----
Dodging        | 1 |  1.5
Fighting       | 1 |  1.8
Polearms       | |  1.5
Stealth        | |  2.1
Spellcasting   | |  2.4
Translocations | |  1.1
Transmutations | |  2.1
Evocations     | |  1.0

Action                   || total
-------------------------++-------
Melee: Dagger            ||    60
       Kick              ||     5
       Headbutt          ||     4
 Cast: Beastly Appendage ||    10
  Use: Potion            ||     3
       Scroll            ||     1
 Stab: Sleeping          ||     1
Armor: Robe              ||     9
Dodge: Dodged            ||    37

Table legend:
 A = Turns spent in this place as a percentage of turns spent in the entire game.
 B = Non-inter-level travel turns spent in this place as a percentage of non-inter-level travel turns spent in the entire game.
 C = Inter-level travel turns spent in this place as a percentage of turns spent in this place.
 D = Turns resting spent in this place as a percentage of non-inter-level travel turns spent in this place.
 E = Turns spent auto-exploring this place as a percentage of non-inter-level travel turns spent in this place.
 F = Non-inter-level travel turns spent in this place divided by the number of levels of this place that you've seen.
                   A       B       C       D       E      F
               +-------+-------+-------+-------+-------+----------------------
         Total | 100.0 | 100.0 |   0.0 |   0.0 |   0.0 | 236.7
       Dungeon | 100.0 | 100.0 |   0.0 |   0.0 |   0.0 | 236.7
               +-------+-------+-------+-------+-------+----------------------

Table legend:
 A = Kills in this place as a percentage of kills in entire the game.
 B = Kills by you in this place as a percentage of kills by you in the entire game.
 C = Kills by friends in this place as a percentage of kills by friends in the entire game.
 D = Other kills in this place as a percentage of other kills in the entire game.
 E = Experience gained in this place as a percentage of experience gained in the entire game.
 F = Experience gained in this place divided by the number of levels of this place that you have seen.
                   A       B       C       D       E      F
               +-------+-------+-------+-------+-------+----------------------
         Total | 100.0 | 100.0 |  -nan |  -nan | 100.0 |  11.3
       Dungeon | 100.0 | 100.0 |  -nan |  -nan | 100.0 |  11.3
               +-------+-------+-------+-------+-------+----------------------

Vault maps used:
D:1:      minmay_arrival_stair_chambers
D:2:      minmay_tromino_v2
D:3:      hangedman_decor_push, minmay_strange_pillars, minmay_misc_feat_room
